 Dungeon Crawl Stone Soup version 0.28-a0-1624-g820543e53a (webtiles) character file.

Game seed: 15748180818978698987

3384 issech the Basher (level 9, -1/89 HPs)
             Began as a Troll Monk on Jan 24, 2022.
             Was an Initiate of Gozag.
             Slain by a killer bee (5 damage)
             ... on level 7 of the Dungeon.
             The game lasted 00:23:40 (7031 turns).

issech the Basher (Troll Monk)                      Turns: 7031, Time: 00:23:41

Health: -1/89      AC:  5    Str: 21    XL:     9   Next: 74%
Magic:  8/8        EV: 12    Int:  6    God:    Gozag
Gold:   890        SH:  0    Dex: 16    Spells: 8/8 levels left

rFire   . . .      SeeInvis .   x - +2 flail (vorpal)
rCold   . . .      Faith    .   (no shield)
rNeg    . . .      Spirit   .   b - +1 robe
rPois   .          Reflect  .   (helmet restricted)
rElec   .          Harm     .   (no cloak)
rCorr   .          Rampage  .   (gloves unavailable)
Will    .....                   (boots unavailable)
Stlth   ++........              (no amulet)
HPRegen 1.04/turn               (no ring)
MPRegen 0.11/turn               (no ring)

@: lethally poisoned (-1 -> -1), studying Crossbows
A: large, unfitting armour, claws 3, regeneration 1, shaggy fur 1, tough skin 1
a: Renounce Religion, Potion Petition, Call Merchant, Bribe Branch


You were on level 7 of the Dungeon.
You worshipped Gozag.
Gozag was pleased with you.
You visited 2 branches of the dungeon, and saw 9 of its levels.

You collected 890 gold pieces.

Inventory:

Hand Weapons
 a - a +0 mace
 c - a +0 great mace
 e - a +0 hunting sling
 p - a +2 whip of protection
 r - a +0 spear
 u - a +0 giant club
 x - a +2 vorpal flail (weapon)
 D - a +0 giant spiked club
 L - a +1 dagger of venom
 O - a +0 shortbow
Missiles
 g - 17 sling bullets
 i - 140 stones
 j - a throwing net
 k - 14 boomerangs (quivered)
 q - 32 arrows
 v - 5 datura-tipped darts
 C - 15 bolts
 G - 7 poisoned darts
Armour
 b - a +1 robe (worn)
Jewellery
 H - a ring of ice
Wands
 m - a wand of acid (4)
 n - a wand of charming (3)
 s - a wand of paralysis (9)
 y - a wand of polymorph (10)
 J - a wand of digging (7)
Scrolls
 w - a scroll of fog
 A - a scroll of amnesia
 B - a scroll of silence
 E - a scroll of enchant weapon
 F - 2 scrolls of blinking
 I - a scroll of vulnerability
 K - a scroll of fear {unknown}
 M - a scroll of acquirement {unknown}
Potions
 d - a potion of curing
 f - a potion of degeneration {unknown}
 h - 3 potions of haste {unknown}
 l - a potion of magic {unknown}
 o - 8 potions of lignification
 t - 2 potions of flight
 z - a potion of mutation {unknown}
 N - a potion of heal wounds {unknown}


   Skills:
 + Level 5.9 Fighting
 + Level 9.6 Maces & Flails
 + Level 5.7 Dodging
 + Level 2.5 Stealth


You had 8 spell levels left.
You didn't know any spells.
Your spell library contained the following spells:

 Spells                   Type           Power      Damage    Failure   Level
 Magic Dart               Conj           0%         1d3       45%         1
 Call Imp                 Summ           0%         N/A       58%         2
 Mephitic Cloud           Conj/Pois/Air  0%         N/A       83%         3


Dungeon Overview and Level Annotations

Branches:
Dungeon (8/15)             Temple (1/1) D:5
   Lair: D:8-11

Altars:
Cheibriados
Dithmenos
Elyvilon
Fedhas
Gozag
Makhleb
Nemelex Xobeh
Okawaru
Qazlal
Ru
Uskayaw
Vehumet
Yredelemnul
Zin
The Shining One


Innate Abilities, Weirdness & Mutations

You are too large for most types of armour.
You have claws for hands.
Your natural rate of healing is unusually fast.
You are covered in fur. (AC +1)
You have tough skin. (AC +1)


Message History

The killer bee stings you but does no damage.
You feel sick.
You are no longer poisoned.
The killer bee barely misses you. The killer bee closely misses you.
The killer bee barely misses you. The killer bee barely misses you.
The killer bee stings you but does no damage.
The killer bee stings you.
The killer bee stings you but does no damage.
The killer bee stings you!
* * * LOW HITPOINT WARNING * * *
The killer bee closely misses you. The killer bee stings you.
* * * LOW HITPOINT WARNING * * *
The killer bee stings you but does no damage.
The killer bee stings you but does no damage.
The killer bee stings you!
* * * LOW HITPOINT WARNING * * *
The killer bee closely misses you. The killer bee stings you.
* * * LOW HITPOINT WARNING * * *
You are poisoned.
The killer bee poisons you!
You feel sick. The killer bee barely misses you.
You feel sick. The killer bee stings you.
* * * LOW HITPOINT WARNING * * *
You are more poisoned.
The killer bee poisons you!
You feel very sick. The killer bee barely misses you.
You feel sick. The killer bee stings you.
* * * LOW HITPOINT WARNING * * *
The killer bee stings you but does no damage.
You feel sick. The killer bee stings you.
* * * LOW HITPOINT WARNING * * *
You feel sick. The killer bee misses you.
You feel sick. The killer bee stings you.
You die...
Your body crumbles into a pile of gold.

######### #.......#
###############..####.#
.................####.#
##############..<.....####
##############...#######.########
................@y...............
##############...###.....#..#####
#...###..##.#.......
#...#....##.#..##### #
#...###..#<....#####
##############...................
.............##.............#####
#............##.####..##.#..#
#...............####..##.#..#####


You could see a killer bee.

Vanquished Creatures
  Grinder (D:6)
  Sigmund (D:5)
  4 yaks (D:8)
  Menkaure (D:5)
  A water moccasin (D:6)
  A black bear (D:5)
  2 sky beasts (D:5)
  2 ogres
  A centaur (D:8)
  A kobold brigand (D:6)
  4 bullfrogs
  4 scorpions
  A water moccasin zombie (D:5)
  A water moccasin skeleton (D:4)
  5 killer bees (D:7)
  A howler monkey (D:5)
  3 orc priests
  2 hounds
  A jelly (D:6)
  5 centaur skeletons
  2 gnoll shamans
  3 iguanas
  An orc wizard (D:6)
  8 gnolls
  8 adders
  A shadow imp (D:6)
  5 white imps
  2 adder skeletons (D:4)
  A worm (D:2)
  5 dart slugs
  16 orcs
  4 bats
  9 endoplasms
  5 giant cockroaches
  7 goblins
  8 hobgoblins
  3 jackals (D:1)
  3 quokkas
  7 ball pythons
  5 frilled lizards
  7 kobolds
  6 rats
158 creatures vanquished.

Vanquished Creatures (others)
  7 plants
7 creatures vanquished.

Grand Total: 165 creatures vanquished

Notes
Turn   | Place    | Note
-------+----------+-------------------------------------------
     0 | D:1      | issech the Troll Monk began the quest for the Orb.
     0 | D:1      | Reached XP level 1. HP: 22/22 MP: 0/0
   156 | D:1      | Reached XP level 2. HP: 29/29 MP: 1/1
   240 | D:1      | Reached skill level 3 in Maces & Flails
   444 | D:1      | Reached XP level 3. HP: 36/36 MP: 2/2
   548 | D:1      | Found a faded altar of an unknown god.
  1335 | D:2      | Reached XP level 4. HP: 28/44 MP: 3/3
  1866 | D:3      | Reached skill level 4 in Maces & Flails
  2270 | D:3      | Reached XP level 5. HP: 53/53 MP: 4/4
  2592 | D:4      | Reached XP level 6. HP: 60/61 MP: 5/5
  2615 | D:4      | Reached skill level 5 in Maces & Flails
  2921 | D:5      | Entered Level 5 of the Dungeon
  2935 | D:5      | Reached XP level 7. HP: 36/68 MP: 6/6
  2988 | D:5      | Found a staircase to the Ecumenical Temple.
  2995 | Temple   | Entered the Ecumenical Temple
  3085 | Temple   | Became a worshipper of Gozag Ym Sagoz the Greedy
  3157 | D:5      | Noticed Menkaure
  3166 | D:5      | Killed Menkaure
  3167 | D:5      | Reached skill level 6 in Maces & Flails
  3225 | D:5      | Noticed Sigmund
  3357 | D:5      | Killed Sigmund
  3520 | D:5      | Reached XP level 8. HP: 78/78 MP: 7/7
  4229 | D:5      | Reached skill level 7 in Maces & Flails
  4876 | D:6      | Reached skill level 8 in Maces & Flails
  4912 | D:6      | Reached skill level 5 in Fighting
  5081 | D:6      | Reached skill level 5 in Dodging
  5131 | D:6      | Reached XP level 9. HP: 61/88 MP: 8/8
  5223 | D:6      | Noticed Grinder
  5235 | D:6      | Killed Grinder
  5560 | D:7      | Found a burning altar of Makhleb.
  5702 | D:7      | Found a sacrificial altar of Ru.
  6319 | D:7      | Reached skill level 9 in Maces & Flails
  7030 | D:7      | HP: 4/89 [poisoned by a killer bee]
  7031 | D:7      | Slain by a killer bee

Illustrated notes

Levels and vault maps discovered:
D:1:      dpeg_arrival_oval, layout_basic,
          shapermc_ecumenical_altar_mp_urbaneastern
D:2:      layout_rooms, serial_forest, infiniplex_forest_lined_1,
          infiniplex_forest_join, infiniplex_forest_lined_1,
          infiniplex_forest_clump_cross, infiniplex_forest_lined_2,
          infiniplex_forest_straight_2, infiniplex_forest_clump_small,
          infiniplex_forest_clump_curved, infiniplex_forest_straight_2
D:3:      layout_loops_ring, grunt_ministairs_7
D:4:      layout_basic
D:5:      layout_layer_cave, minmay_temple_entry_gardened_gates,
          minmay_manual_moon, uniq_sigmund, uniq_menkaure
D:6:      layout_gridville, hangedman_decor_clover_reticule, st_stairs_1,
          minmay_diced_spiral, uniq_grinder
D:7:      layout_basic, nicolae_ru_awakened_eye, overflow_temple_1_default
D:8:      layout_loops_ring, ashenzari_conservatory_becter
Temple:   cyrus_circular_temple

Skill      XL: |  1  2  3  4  5  6  7  8  9 |
---------------+----------------------------+-----
Maces & Flails | 3 4 5 6 8 9 |  9.6
Dodging        | 3 4 5 |  5.7
Fighting       | 3 4 5 |  5.9
Stealth        | 2 |  2.5

Action                   |  1- 3 |  4- 6 |  7- 9 || total
-------------------------+-------+-------+-------++-------
Melee: Mace              |   136 |     6 |       ||   142
       Punch             |     1 |     2 |     3 ||     6
       Whip              |       |   172 |       ||   172
       Flail             |       |    13 |   293 ||   306
  Use: Scroll            |       |     8 |     7 ||    15
 Stab: Sleeping          |     3 |     2 |       ||     5
       Distracted        |       |       |     1 ||     1
Armor: Robe              |    42 |    79 |    82 ||   203
Dodge: Dodged            |    79 |    88 |   188 ||   355

Table legend: (Time is in decaauts)
 A = Elapsed time spent in this place.
 B = Non-inter-level travel time spent in this place.
 C = Inter-level travel time spent in this place.
 D = Time resting spent in this place.
 E = Time spent auto-exploring this place.
 F = Levels seen in this place.
 G = Mean time per level.
                   A        B        C        D        E       F      G
               +--------+--------+--------+--------+--------+-----+--------+
         Total |   7052 |   6834 |    218 |    343 |   3476 |   9 |  783.6 |
       Dungeon |   6895 |   6677 |    218 |    314 |   3434 |   8 |  861.9 |
        Temple |    156 |    156 |      0 |     29 |     42 |   1 |  156.0 |
               +--------+--------+--------+--------+--------+-----+--------+

Top non-repeatable levels by time:
     D:5: 1576 daAuts
     D:7: 1189 daAuts
     D:6: 916 daAuts
     D:1: 873 daAuts
     D:2: 833 daAuts
     D:3: 661 daAuts
     D:4: 565 daAuts
     D:8: 279 daAuts
  Temple: 156 daAuts
